 Dungeon Sprint DCSS version 0.22.1-2-g9c5b331 (webtiles) character file.

3442 diana the Crack Shot (level 9, -24/67 HPs)
             Began as a Centaur Hunter on Dec 28, 2018.
             Was a High Priest of Okawaru.
             Annihilated by a battleaxe of electrocution (26 damage)
             ... in the Dungeon (Sprint V: "Ziggurat Sprint").
             The game lasted 00:04:33 (837 turns).

diana the Crack Shot (Centaur Hunter)                Turns: 837, Time: 00:04:33

Health: -24/67     AC: 26    Str: 16    XL:     9   Next: 77%
Magic:  9/9        EV:  1    Int: 12    God:    Okawaru [*****.]
Gold:   0          SH:  6    Dex: 24    Spells: 8/8 levels left

rFire    . . .     SeeInvis +   z - +7 longbow "Piercer" {penet, EV-2}
rCold    . . .     Gourm    .   (shield currently unavailable)
rNeg     . . .     Faith    .   x - +15 Maxwell's patent armour {-Cast -Tele rElec MR+ rCorr}
rPois    .         Spirit   .   M - +3 crown of Dyrovepreva {rElec Int+2 SInv}
rElec    +         Reflect  +   (no cloak)
rCorr    +         Harm     .   (no gloves)
MR       +....     NoTele   +   (no barding) Stlth ..........NoCast +
                                K - +6 amulet of reflection
HPRegen  0.21/turn              A - +6 ring of dexterity
MPRegen  0.11/turn              B - +6 ring of dexterity

@: very quick
A: large, hooves 3, deformed body, speed 2, tough skin 3
a: Heroism, Finesse, Renounce Religion


You were in the Dungeon.
You worshipped Okawaru.
Okawaru was extremely pleased with you.
You were very hungry.

You visited 1 branch

Inventory:

Hand Weapons
 z - the +7 longbow "Piercer" (weapon) {penet, EV-2}
   (You found it in the Dungeon)

   Ammo fired by it will pass through the targets it hits, potentially hitting
   all targets in its path until it reaches maximum range.
   It affects your evasion (-2).
Missiles
 d - 1006 arrows (quivered)
Armour
 x - the +15 Maxwell's patent armour (worn) {-Cast -Tele rElec MR+ rCorr}
   (You found it in the Dungeon)

   It insulates you from electricity.
   It affects your resistance to hostile enchantments.
   It prevents spellcasting.
   It prevents most forms of teleportation.
   It provides partial protection from all sources of acid and corrosion.
 M - the +3 crown of Dyrovepreva (worn) {rElec Int+2 SInv}
   (You found it in the Dungeon)

   It affects your intelligence (+2).
   It insulates you from electricity.
   It lets you see invisible.
Jewellery
 c - the ring of Jeanupybbi {rN++ Int+3 SInv Stlth-}
   (You found it in the Dungeon)

   [ring of intelligence]

   It affects your intelligence (+3).
   It greatly protects you from negative energy.
   It lets you see invisible.
   It makes you less stealthy.
 o - a cursed ring of positive energy
 A - a +6 ring of dexterity (left hand)
 B - a +6 ring of dexterity (right hand)
 C - a +6 ring of intelligence
 D - a +6 ring of intelligence
 E - a +6 ring of strength
 F - a +6 ring of strength
 J - an uncursed ring of flight
 K - a +6 amulet of reflection (around neck)
Wands
 G - a wand of disintegration (7)
 H - a wand of iceblast (7)
 I - a wand of acid (7)
Scrolls
 k - 4 scrolls of blinking
 r - 4 scrolls of amnesia
 s - 7 scrolls of fog
 t - a scroll of holy word
 u - 5 scrolls of identify
 v - 5 scrolls of remove curse
 w - 2 scrolls of fear
 y - 4 scrolls of enchant weapon
 L - a scroll of brand weapon
Potions
 e - 10 potions of curing
 g - 10 potions of heal wounds
 h - 10 potions of haste
 i - 7 potions of magic
 j - 3 potions of berserk rage
 l - 2 potions of brilliance
 m - 2 potions of invisibility
 n - 4 potions of resistance
 p - 6 potions of agility
 q - 5 potions of might
Comestibles
 f - 7 rations


   Skills:
 - Level 2.0 Fighting
 * Level 25.7 Bows
 - Level 1.3 Dodging
 - Level 0.4 Stealth


You had 8 spell levels left.
You didn't know any spells.
Your spell library was empty.

Dungeon Overview and Level Annotations

Branches:
Dungeon (1/1)

Altars:
Ashenzari
Cheibriados
Dithmenos
Elyvilon
Fedhas
Gozag
Hepliaklqana
Kikubaaqudgha
Makhleb
Nemelex Xobeh
Okawaru
Qazlal
Ru
Sif Muna
Trog
Uskayaw
Vehumet
Wu Jian
Xom
Yredelemnul
Zin
The Shining One
Beogh
Jiyva
Lugonu


Innate Abilities, Weirdness & Mutations

You have hooves in place of feet.
Armour fits poorly on your strangely shaped body.
You cover ground very quickly.
You have extremely tough skin. (AC +3)


Message History

Your Bows skill increases to level 25!
The fire elemental hits you. The fire elemental burns you!
The war axe of electrocution hits you!
* * * LOW HITPOINT WARNING * * *
Firing (i - inventory)
d - 1008 arrows (quivered)
Press: ? - help, Shift-Dir - straight line, f - fire elemental
Aim: a fire elemental (lightly damaged)
You shoot an arrow. The arrow misses the fire elemental.
The battleaxe of electrocution hits you but does no damage.
The fire elemental hits you.
The war axe of electrocution hits you but does no damage.
Firing (i - inventory)
d - 1007 arrows (quivered)
Press: ? - help, Shift-Dir - straight line, f/p - fire elemental
Aim: a fire elemental (lightly damaged)
You shoot an arrow.
The arrow closely misses the fire elemental.
The fire elemental hits you. The fire elemental burns you!
* * * LOW HITPOINT WARNING * * *
The battleaxe of electrocution hits you!!
You die...

▓.."()..▓
▓..[|:..▓
▓.......▓
▓.......▓
▓(..)...▓
..§E...
▓.▓E((▓.▓
▓...@...▓
▓▓▓▓▓▓▓▓▓


You could see a water elemental, a fire elemental and 2 dancing weapons.

Vanquished Creatures
  A deep elf demonologist (D)
  A mummy priest (D)
  A dancing weapon (D)
  A wretched star (D)
  2 nagas (D)
  A water moccasin (D)
  A necrophage (D)
  An iron imp (D)
  3 mummies (D)
  2 adders (D)
  A white imp (D)
  An ufetubus (D)
  An adder skeleton (D)
  2 ball pythons (D)
  A leopard gecko skeleton (D)
20 creatures vanquished.

Notes
Turn   | Place    | Note
-------+----------+-------------------------------------------
     0 | D        | Found the +6 Majin-Bo {vamp, Archmagi MP+6 Int+6}
     0 | D        | Found the +7 great mace "Firestarter" {inner flame, rF++}
     0 | D        | diana the Centaur Hunter began the quest for the Orb.
     0 | D        | Reached XP level 1. HP: 17/17 MP: 1/1
     0 | D        | Found a deep blue altar of Sif Muna.
     0 | D        | Found a sacrificial altar of Ru.
     0 | D        | Found a bloodstained altar of Trog.
     0 | D        | Found a stormy altar of Qazlal.
     0 | D        | Found an iron altar of Okawaru.
     0 | D        | Found a sparkling altar of Nemelex Xobeh.
     0 | D        | Found a blossoming altar of Fedhas.
     2 | D        | Found a transporter.
     2 | D        | Found an ancient bone altar of Kikubaaqudgha.
     2 | D        | Found a viscous altar of Jiyva.
     2 | D        | Found a corrupted altar of Lugonu.
     2 | D        | Found a hazy altar of Hepliaklqana.
     2 | D        | Found a burning altar of Makhleb.
     2 | D        | Found an opulent altar of Gozag.
    10 | D        | Found the +9 heavy crossbow "Sniper" {velocity, Acc+∞ SInv}
    10 | D        | Found the +10 dark maul {crush}
    10 | D        | Found the +15 Maxwell's patent armour {-Cast -Tele rElec
                  | MR+ rCorr}
    10 | D        | Found the +18 shield of the Gong {rElec rN+ MR+ EV-5}
    10 | D        | Found the cursed +14 obsidian axe {chop, +Fly SInv *Curse}
    12 | D        | Found the +6 shillelagh "Devastator" {shatter}
    12 | D        | Found the +11 plutonium sword {*Contam Stlth-}
    12 | D        | Found the +8 lance "Wyrmbane" {slay drac, rPois rF+ rC+
                  | AC+3}
    12 | D        | Found the +9 sword of Zonguldrok {reap}
    12 | D        | Found the +0 sword of Power
    12 | D        | Found the +7 mace of Variability {chain chaos}
    12 | D        | Found the +7 Singing Sword
    12 | D        | Found the +7 longbow "Piercer" {penet, EV-2}
   104 | D        | Became a worshipper of Warmaster Okawaru
   112 | D        | Entered arena 2.
   112 | D        | Noticed a water moccasin
   112 | D        | Found a transporter.
   120 | D        | Killed a water moccasin
   120 | D        | Reached * piety under Okawaru
   120 | D        | Reached ** piety under Okawaru
   120 | D        | Reached skill level 12 in Bows
   120 | D        | Reached XP level 2. HP: 8/24 MP: 2/2
   120 | D        | Reached XP level 3. HP: 9/29 MP: 3/3
   120 | D        | Reached XP level 4. HP: 12/36 MP: 4/4
   122 | D        | Reached skill level 16 in Bows
   122 | D        | Reached XP level 5. HP: 10/41 MP: 5/5
   439 | D        | Entered arena 3.
   439 | D        | Noticed a necrophage
   439 | D        | Found a transporter.
   446 | D        | Killed a necrophage
   446 | D        | Reached skill level 17 in Bows
   446 | D        | Reached XP level 6. HP: 48/48 MP: 6/6
   476 | D        | Entered arena 4.
   476 | D        | Noticed a mummy priest
   476 | D        | Found a transporter.
   477 | D        | Found the +3 crown of Dyrovepreva {rElec Int+2 SInv}
   477 | D        | Noticed a freezing wraith
   477 | D        | Noticed a hungry ghost
   482 | D        | Noticed a chaos spawn
   482 | D        | Noticed a red devil
   484 | D        | Killed a mummy priest
   484 | D        | Reached *** piety under Okawaru
   484 | D        | Reached skill level 21 in Bows
   484 | D        | Reached XP level 7. HP: 55/55 MP: 7/7
   484 | D        | Reached XP level 8. HP: 61/61 MP: 8/8
   521 | D        | Got the +1 ring mail of the Seventy-Seven Lies {Int-4 Dex+2
                  | Slay+2}
   525 | D        | Entered arena 5.
   525 | D        | Noticed a wretched star
   525 | D        | Found a transporter.
   533 | D        | Killed a wretched star
   533 | D        | Reached **** piety under Okawaru
   533 | D        | Reached skill level 22 in Bows
   539 | D        | Got the ring of Jeanupybbi {rN++ Int+3 SInv Stlth-}
   791 | D        | Entered arena 6.
   791 | D        | Found a transporter.
   801 | D        | Reached skill level 23 in Bows
   826 | D        | Entered arena 7.
   826 | D        | Noticed a war axe of electrocution
   826 | D        | Noticed a battleaxe of electrocution
   826 | D        | Noticed a deep elf demonologist
   826 | D        | Noticed a long sword of protection
   828 | D        | Noticed a balrug
   829 | D        | Noticed a Tzitzimitl
   835 | D        | Killed a long sword of protection
   835 | D        | Reached skill level 24 in Bows
   835 | D        | Reached XP level 9. HP: 31/67 MP: 9/9
   835 | D        | Killed a deep elf demonologist
   835 | D        | Reached ***** piety under Okawaru
   835 | D        | Reached skill level 25 in Bows
   837 | D        | HP: 2/67 [fire elemental (12)]
   837 | D        | Annihilated by a battleaxe of electrocution

Skill      XL: |  1  2  3  4  5  6  7  8  9 |
---------------+----------------------------+-----
Bows           | 12 16 17 21 24 25 | 25.7
Fighting       | |  2.0
Dodging        | |  1.3
Stealth        | |  0.4

Action                   |  1- 3 |  4- 6 |  7- 9 || total
-------------------------+-------+-------+-------++-------
 Fire: Longbow           |     8 |    19 |    37 ||    64
  Use: Potion            |       |     1 |       ||     1
Armor: Plate armour      |    22 |    18 |    20 ||    60
Block: Other             |       |     2 |     7 ||     9
